Map: Lost and Found LE

Players

CoFiX - Winner!

  • Race: Terran Terran
  • League: Master
  • Spawn Location: 7:00

Cellsidus

  • Race: Zerg Zerg
  • League: Master
  • Spawn Location: 1:00

VOD

Have the link to the VOD?

Description

Time

  • Played on: Aug. 27, 2018, 6:26 a.m.
  • Length: 23:04
Show
View Real Time Build Order
Export as new Build Order

CoFiX Terran - Winner!

Build Orders: Reaper Expand, Bio Tank 

Get SALT Encoding   

  12  0:00  SCV  
  13  0:13  SCV  
  14  0:17  Supply Depot  
  14  0:26  SCV  
  15  0:38  SCV  
  15  0:40  Barracks  
  16  0:45  Refinery  
  16  0:50  SCV  
  17  1:02  SCV  
  18  1:14  SCV  
  19  1:28  Reaper  
  19  1:29  Orbital Command  
  20  1:39  Command Center  
  20  1:48  Supply Depot  
  20  1:54  SCV  
  21  2:02  Barracks Reactor  
  21  2:06  SCV  
  22  2:09  Barracks  
  22  2:14  Refinery  
  22  2:19  SCV  
  23  2:31  SCV  
  24  2:39  Marine x2  
  24  2:43  SCV, Factory  
  28  2:55  Orbital Command, SCV  
  28  3:03  Barracks Tech Lab, Marine x2  
  30  3:09  SCV  
  31  3:15  Supply Depot  
  31  3:20  Marine  
  31  3:21  SCV, Marine  
  31  3:23  SCV  
  31  3:24  Marine  
  31  3:25  Stimpack  
  36  3:30  Factory Reactor  
  36  3:32  Starport  
  36  3:33  SCV  
  37  3:37  SCV  
  38  3:45  SCV  
  38  3:48  Supply Depot  
  38  3:49  SCV, Marine x3  
  42  3:57  SCV  
  42  4:01  SCV  
  44  4:07  Marine x3  
  48  4:10  SCV  
  48  4:13  Supply Depot  
  48  4:16  Medivac x2  
  52  4:17  Factory Tech Lab  
  52  4:20  SCV  
  52  4:22  SCV  
  54  4:27  Marine x3  
  57  4:33  SCV  
  57  4:34  SCV  
  57  4:36  Siege Tank  
  62  4:44  Command Center  
  62  4:47  Marine x2  
  62  4:48  Marine  
  62  4:49  Supply Depot  
  65  4:54  Liberator, Viking  
  65  4:56  SCV x2  
  72  5:14  Supply Depot  
  72  5:15  Supply Depot, SCV x2  
  72  5:20  Refinery x2  
  74  5:22  Engineering Bay x2  
  74  5:35  SCV x2  
  76  5:45  Marine x2  
  76  5:46  Marine  
  77  5:50  Liberator  
  77  6:03  Marine  
  77  6:04  Siege Tank, Marine  
  67  6:12  SCV  
  67  6:15  Orbital Command  
  68  6:18  Terran Infantry Weapons Level 1  
  68  6:20  Terran Infantry Armor Level 1  
  68  6:27  Barracks  
  68  6:28  Barracks x2  
  68  6:29  Barracks  
  68  6:30  Barracks  
  68  6:37  Medivac  
  70  6:40  Orbital Command  
  70  6:41  SCV x2  
  72  6:49  Supply Depot  
  72  6:51  Siege Tank  
  75  7:14  Combat Shield  
  75  7:15  Medivac x2  
  76  7:16  Marine x3  
  76  7:20  SCV x3  
  82  7:26  Supply Depot x2  
  77  7:38  Barracks Reactor x3  
  77  7:39  Barracks Tech Lab, Barracks Reactor  
  77  7:40  Marine  
  77  7:41  Marine  
  77  7:44  SCV x3  
  81  7:45  Refinery  
  81  7:47  Refinery  
  81  7:50  Supply Depot  
  81  7:51  Supply Depot  
  81  7:53  Medivac x2  
  81  7:57  SCV x2  
  87  7:59  Supply Depot  
  87  8:01  SCV  
  87  8:02  Supply Depot  
  88  8:06  Armory  
  88  8:08  Supply Depot x2  
  88  8:09  SCV x2  
  88  8:10  Siege Tank, Marine x2  
  95  8:15  Marine x10  
  95  8:18  SCV  
  106  8:21  SCV x2  
  106  8:25  Supply Depot  
  106  8:26  Supply Depot  
  108  8:29  Marine x2  
  108  8:32  Marine  
  108  8:33  Marine x9  
  120  8:43  Siege Tank, Medivac x2  
  120  8:47  Marine x2  
  129  8:49  Supply Depot  
  129  8:50  Supply Depot, Marine  
  129  8:51  Supply Depot, Marine x9  
  129  8:53  Terran Infantry Weapons Level 2  
  139  8:57  Terran Infantry Armor Level 2  
  139  9:01  Command Center  
  139  9:05  Marine x2  
  139  9:08  Marine x4  
  139  9:09  Marine x2  
  147  9:14  SCV x3  
  116  9:53  Marine  
  116  9:54  Marine x10  
  116  9:55  Siege Tank, Medivac x2  
  134  10:21  Factory  
  131  10:22  Starport  
  131  10:27  Siege Tank  
  134  10:32  Marine x10  
  134  10:33  Marine  
  145  10:36  Planetary Fortress  
  145  10:43  Supply Depot  
  145  10:44  Supply Depot, Marine  
  145  10:45  Supply Depot, Medivac x2  
  150  10:50  Marine x4  
  150  10:53  Ghost Academy  
  154  10:58  Liberator x2  
  154  10:59  Siege Tank  
  157  11:04  Factory Tech Lab  
  157  11:10  Barracks x2  
  157  11:12  Barracks  
  157  11:17  Starport Reactor  
  163  11:24  Siege Tank  
  166  11:25  Terran Vehicle And Ship Armor Level 1  
  166  11:26  Terran Infantry Weapons Level 3  
  166  11:31  Siege Tank  
  169  11:34  Refinery  
  169  11:36  Refinery  
  169  11:41  Liberator x2  
  169  11:53  Liberator x2  
  162  12:06  Barracks Tech Lab x3  
  162  12:07  Marine x2  
  162  12:08  Marauder, Marine  
  167  12:09  Marauder  
  156  12:24  Liberator x2  
  156  12:28  Marauder x3  
  156  12:29  Siege Tank, Marine x2  
  158  12:30  Marauder x2, Siege Tank  
  166  12:49  Marauder  
  166  12:50  Marauder  
  166  12:51  Marauder x3, Marine x7  
  183  13:11  Marauder  
  185  13:14  Ghost x4  
  193  13:31  Ghost  
  192  13:42  Ghost x2  
  192  13:43  Ghost  
  198  13:52  Command Center  
  198  14:01  Terran Ship Weapons Level 1  
  198  14:02  Terran Infantry Armor Level 3  
  198  14:03  Ghost  
  200  14:13  Hi-Sec Auto Tracking  
  200  14:33  Personal Cloaking  
  200  14:35  Ghost Academy  
  200  14:36  Ghost Academy  
  198  14:51  Ghost x3  
  198  14:52  Ghost  
  200  15:10  Structure Armor  
  200  15:13  Barracks Tech Lab  
  200  15:15  Supply Depot  
  178  16:25  Ghost x3  
  151  16:26  Ghost  
  151  16:27  Marauder, Marine x10  
  151  16:30  Medivac x3  
  162  16:43  Planetary Fortress  
  162  16:46  Marine x4  
  162  16:47  Marine x6  
  166  16:48  Marauder  
  174  16:55  Marauder x4  
  174  16:59  Nuke x3  
  182  17:04  Marine  
  183  17:09  Marauder  
  183  17:14  Siege Tank x2  
  191  17:16  Marauder  
  156  17:43  Liberator x4  
  152  17:46  Siege Tank x2  
  158  17:51  SCV  
  158  17:52  SCV  
  160  18:06  Command Center  
  160  18:18  Siege Tank x2  
  152  18:30  Ghost x5  
  152  18:31  Marine  
  152  18:32  Marine x8  
  160  18:50  Siege Tank x2  
  147  18:58  Marine  
  147  18:59  Marauder x3, Marine x10  
  147  19:00  Marauder  
  135  19:16  Marine  
  129  19:25  Command Center  
  129  19:31  Marauder x3  
  133  19:33  Siege Tank x2  
  133  19:35  Liberator  
  139  19:50  Medivac x2  
  139  19:51  Medivac  
  145  20:02  Marine  
  145  20:03  Marine x5  
  151  20:23  Unknown x4  
  151  20:31  Ghost  
  151  20:32  Ghost x3  
  159  20:37  Liberator x2  
  159  20:38  Nuke x3  
  159  20:40  Planetary Fortress  
  159  20:52  Ghost  
  165  21:00  Ghost x2  
  169  21:28  Marauder x3, Marine x4  
  169  21:29  Marauder, Marine x4  
  169  21:30  Marauder, Siege Tank x2  
  137  22:29  Marauder x2, Marine  
  144  22:30  Marauder x2, Marine x10  
  155  22:47  Command Center  
Show
View Real Time Build Order
Export as new Build Order

Cellsidus Zerg 

Build Orders: Hatch First 

Get SALT Encoding   

  12  0:01  Drone  
  13  0:13  Overlord  
  13  0:16  Drone  
  14  0:31  Drone x2  
  14  0:35  Drone  
  17  0:53  Hatchery  
  17  0:56  Drone  
  17  0:59  Drone  
  18  1:10  Extractor  
  17  1:14  Spawning Pool  
  17  1:18  Drone  
  17  1:22  Drone  
  18  1:28  Drone  
  19  1:39  Overlord  
  20  2:01  Zergling x4  
  20  2:04  Queen x2  
  20  2:05  Zergling x2  
  26  2:13  Metabolic Boost  
  26  2:16  Drone x2  
  28  2:23  Drone  
  28  2:27  Drone  
  30  2:33  Drone  
  31  2:43  Hatchery  
  30  2:48  Drone x2  
  32  2:52  Overlord  
  32  3:04  Drone x2  
  34  3:10  Drone x2  
  36  3:15  Drone x3  
  36  3:16  Drone x3  
  36  3:18  Overlord  
  42  3:23  Overlord  
  42  3:33  Drone  
  43  3:37  Evolution Chamber  
  42  3:42  Queen  
  42  3:43  Queen  
  42  3:48  Overlord  
  46  3:52  Drone x3  
  46  3:53  Drone x3  
  52  3:57  Queen  
  54  4:05  Zerg Ground Armor Level 1  
  54  4:10  Drone x4  
  54  4:13  Overlord  
  58  4:24  Zergling x2  
  58  4:25  Zergling x14  
  58  4:28  Overlord  
  66  4:34  Queen  
  66  4:35  Queen  
  70  4:42  Overlord x2  
  70  4:43  Overlord  
  70  4:50  Drone x6  
  76  4:55  Baneling Nest, Drone  
  76  5:05  Drone x2  
  76  5:06  Extractor  
  77  5:07  Extractor  
  77  5:08  Drone x3  
  77  5:09  Drone x3  
  82  5:15  Queen  
  82  5:18  Drone x2  
  82  5:20  Extractor  
  82  5:21  Extractor  
  84  5:22  Drone x3  
  84  5:26  Drone x2  
  84  5:27  Drone  
  90  5:33  Zergling x10  
  91  5:39  Zergling x8  
  91  5:40  Zergling x2  
  90  5:45  Zergling x2  
  82  6:01  Drone  
  82  6:02  Drone x4  
  74  6:10  Drone  
  74  6:11  Drone x2  
  74  6:15  Hatchery  
  74  6:16  Queen  
  75  6:27  Evolution Chamber  
  75  6:29  Drone x2  
  75  6:30  Drone x2  
  75  6:32  Drone  
  79  6:41  Lair  
  79  6:43  Zergling x2  
  79  6:44  Zergling x10  
  79  6:46  Zergling x6  
  88  6:53  Zerg Melee Weapons Level 1  
  84  6:58  Spore Crawler  
  84  7:00  Spore Crawler  
  80  7:02  Spore Crawler  
  80  7:03  Zergling x2  
  80  7:04  Zergling x10  
  84  7:14  Drone x4  
  84  7:15  Drone x4  
  92  7:16  Drone  
  92  7:19  Drone  
  92  7:21  Drone  
  95  7:28  Queen  
  97  7:37  Zergling x2  
  97  7:38  Zergling x12  
  104  7:46  Centrifical Hooks  
  104  7:47  Hydralisk Den  
  103  7:57  Overlord x2  
  103  7:58  Overlord x3  
  103  8:11  Baneling x5  
  103  8:12  Baneling x7  
  103  8:13  Baneling  
  103  8:15  Hatchery  
  102  8:23  Muscular Augments, Hydralisk x6  
  102  8:24  Hydralisk x3  
  102  8:25  Zergling x8  
  124  8:28  Infestation Pit  
  124  8:29  Zerg Ground Armor Level 2  
  123  8:41  Overlord x5  
  122  8:46  Zerg Melee Weapons Level 2  
  122  9:01  Zergling x12  
  122  9:02  Zergling x24  
  140  9:04  Hive  
  140  9:08  Drone  
  141  9:13  Hydralisk  
  141  9:14  Hydralisk x2, Zergling x4  
  141  9:15  Zergling x12  
  141  9:16  Zergling x2  
  155  9:29  Zergling x2, Hydralisk x4  
  155  9:30  Zergling x2  
  143  9:49  Zergling x16  
  143  9:50  Zergling x16  
  137  10:22  Grooved Spines, Ultralisk Cavern  
  137  10:24  Drone x6  
  137  10:25  Drone x4  
  145  10:37  Adrenal Glands  
  145  10:42  Spire  
  144  10:45  Extractor, Drone x3  
  146  10:53  Hatchery  
  146  10:55  Drone x3  
  146  10:56  Drone  
  149  10:57  Spore Crawler  
  149  10:58  Spore Crawler, Hydralisk  
  149  10:59  Hydralisk x3  
  149  11:00  Zergling x6  
  149  11:01  Zergling x8  
  162  11:08  Drone x4  
  162  11:11  Overlord x2  
  166  11:14  Chitinous Plating  
  166  11:28  Overlord x3  
  166  11:29  Overlord  
  166  11:30  Zerg Melee Weapons Level 3  
  166  11:34  Zerg Ground Armor Level 3  
  163  12:00  Ultralisk x3  
  181  12:04  Hatchery  
  181  12:05  Baneling  
  181  12:06  Baneling x16  
  181  12:07  Baneling  
  161  12:26  Zergling x2, Hydralisk x3  
  161  12:27  Zergling x12  
  161  12:28  Zergling x10  
  161  12:29  Viper x2  
  175  12:32  Viper  
  175  12:36  Drone x2  
  186  12:56  Hatchery  
  185  13:30  Queen  
  184  13:41  Hatchery  
  182  13:44  Ultralisk x2  
  182  13:46  Hatchery  
  193  13:53  Zergling x4  
  193  13:54  Zergling x8  
  199  14:01  Zerg Flyer Weapons Level 1  
  176  15:05  Drone  
  176  15:06  Drone x14  
  173  15:09  Zergling x2  
  173  15:10  Zergling x20  
  173  15:11  Zergling x2  
  173  15:13  Corruptor  
  187  15:14  Corruptor x6  
  199  15:21  Overseer x3  
  199  15:22  Overseer  
  199  15:23  Overseer  
  199  15:25  Overseer  
  199  15:29  Pneumatized Carapace  
  199  15:33  Baneling  
  199  15:34  Baneling x14  
  199  15:54  Zergling x2  
  168  16:22  Hydralisk x2  
  168  16:23  Zergling x6, Ultralisk x3  
  168  16:24  Zergling x10, Ultralisk  
  168  16:25  Zergling x60  
  189  16:26  Zergling x4  
  175  16:35  Hydralisk x2, Zergling x8  
  175  16:36  Hydralisk x3  
  180  16:42  Zerg Missile Weapons Level 1  
  180  16:46  Overlord x3  
  180  16:49  Baneling x4  
  180  16:50  Baneling x15  
  180  17:15  Hatchery  
  158  17:30  Hydralisk  
  158  17:31  Zergling x2, Hydralisk x2  
  158  17:32  Zergling x20  
  158  17:33  Corruptor x2, Zergling x8  
  158  17:34  Corruptor  
  145  18:01  Baneling x7  
  145  18:02  Baneling x15  
  145  18:04  Baneling  
  145  18:05  Baneling x7  
  141  18:06  Zergling x8  
  141  18:09  Hatchery  
  134  18:29  Zergling x2  
  134  18:30  Zergling x2, Ultralisk x2  
  134  18:31  Zergling x10  
  136  18:59  Zergling x2  
  136  19:00  Zergling x18  
  136  19:01  Zergling x20  
  140  19:18  Ultralisk x2  
  146  19:24  Baneling  
  146  19:25  Baneling x9  
  146  19:40  Hatchery  
  142  20:02  Hatchery  
  142  20:03  Zergling x2  
  142  20:04  Ultralisk  
  148  20:09  Hatchery  
  125  21:05  Extractor  
  125  21:06  Extractor  
  125  21:09  Extractor  
  125  21:10  Extractor, Zergling x2  
  122  21:11  Zergling x28  
  122  21:12  Zergling x6  
  139  21:21  Viper  
  142  21:56  Hydralisk  
  142  21:57  Zergling x4, Hydralisk x5  
  142  21:58  Zergling x6  
  109  22:27  Zergling x2  
  109  22:28  Zergling x24  
  109  22:29  Zergling x20  
  104  22:35  Drone  
Tags
 
Add a new tag
Caveats
  • Supply blocks, unpowered buildings, or Contaminate may cause inaccurate times.
  • Supply counts are checked every 10 seconds.